 Dungeon Crawl Stone Soup version 0.23-a0-489-g205b0b61ae (webtiles) character file.

9 LLavrengius the Insei (level 2, 0/18 HPs)
             Began as an Octopode Transmuter on Dec 2, 2018.
             Slain by a leopard gecko (5 damage)
             ... on level 1 of the Dungeon.
             The game lasted 00:01:52 (624 turns).

LLavrengius the Insei (Octopode Transmuter)          Turns: 624, Time: 00:01:53

Health: 0/18       AC:  1    Str:  9    XL:     2   Next: 16%
Magic:  4/5        EV: 13    Int: 15    God:
Gold:   59         SH:  0    Dex: 12    Spells: 2/5 levels left

rFire    . . .     SeeInvis .     - Unarmed
rCold    . . .     Gourm    +   (no shield)
rNeg     . . .     Faith    .   (helmet restricted)
rPois    .         Spirit   .   g - amulet of the gourmand
rElec    .         Reflect  .   (no ring)
rCorr    .         Harm     .   (no ring)
MR       .....                  (no ring)
Stlth    +++.......             (no ring)
HPRegen  0.06/turn              (no ring)
MPRegen  0.09/turn              (no ring)
                                (no ring)
                                (no ring)

@: appendage (expiring)
A: almost no armour, stealthy swim, amphibious, 8 rings, constrict 8, tentacle
spike 3, camouflage 1, gelatinous body 1
a: End Transformation


You were on level 1 of the Dungeon.
You were not hungry.
One of your tentacles had a temporary spike.
You visited 1 branch of the dungeon, and saw 1 of its levels.

You collected 59 gold pieces.

Inventory:

Missiles
 a - 34 arrows
Jewellery
 f - an uncursed ring of fire
 g - an amulet of the gourmand (around mantle)
Scrolls
 d - a scroll of fear {unknown}
 h - a scroll of identify {unknown}
Potions
 b - a potion of invisibility {unknown}
 e - a potion of lignification {unknown}
Comestibles
 c - 3 rations


   Skills:
 + Level 1.3 Fighting
 - Level 2.0 Dodging
 + Level 1.3 Stealth
 + Level 3.2 Unarmed Combat
 - Level 2.0 Spellcasting
 - Level 2.0 Transmutations


You had 2 spell levels left.
You knew the following spells:

 Your Spells              Type           Power        Failure   Level  Hunger
a - Beastly Appendage     Tmut           #.....       10%         1    #......
b - Sticks to Snakes      Tmut           #.......     14%         2    ###....

Your spell library contained the following spells:

 Spells                   Type           Power        Failure   Level  Hunger
 Spider Form              Tmut/Pois      #.........   41%         3    ###....
 Ice Form                 Ice/Tmut       #.......     82%         4    #####..
 Blade Hands              Tmut           #.........   95%         5    ######.


Dungeon Overview and Level Annotations

Branches:
Dungeon (1/15)

Altars:


Innate Abilities, Weirdness & Mutations

You cannot wear most types of armour.
You are very stealthy in the water. (Stealth+)
You are amphibious.
You can wear up to eight rings at the same time.
You can use your tentacles to constrict eight enemies at once.
Your skin changes colour to match your surroundings (Stealth+).
Your rubbery body absorbs attacks. (AC +1, EV +1)
One of your tentacles bears a large vicious spike.


Message History

The leopard gecko closely misses you.
You closely miss the leopard gecko. Your grab misses the leopard gecko.
You squeeze the leopard gecko, but do no damage.
The leopard gecko closely misses you.
You barely miss the leopard gecko. Your grab misses the leopard gecko.
Your tentacle spike misses the leopard gecko.
Your squeeze misses the leopard gecko. The leopard gecko closely misses you.
You closely miss the leopard gecko. Your grab misses the leopard gecko.
Your tentacle spike misses the leopard gecko.
Your transformation is almost over.
The leopard gecko closely misses you.
You tentacle-slap the leopard gecko. Your grab misses the leopard gecko.
Your tentacle spike misses the leopard gecko.
The leopard gecko is lightly wounded.
The leopard gecko completely misses you.
You closely miss the leopard gecko. Your grab misses the leopard gecko.
Your tentacle spike misses the leopard gecko.
The leopard gecko is lightly wounded.
The leopard gecko bites you.
You die...

.......# #.# #.# #..........#
....#..# #.###.###.# #..........#
....#..# #...'.'...# #..........#
##..#..# #####.##### #..........#
##.....# #.# #...........
###.#..#######'#######......รท...#
....#..........................##
##### ###..#..#####....######.## #
###....Kl@....... #....# #
#.....>########.. #....# # # #
#............. #....# #.#.#
#...........####.###.#### #.#.#
#.......................# ....
#.....#####.#####.##.##.#
#.###+##..... .. .. #.##.#
............# ... ..#.##.##
............ .. ..........


You could see a leopard gecko and a kobold.

Vanquished Creatures
  A leopard gecko (D:1)
  A giant cockroach (D:1)
  A hobgoblin (D:1)
  3 bats (D:1)
  A frilled lizard (D:1)
  3 rats (D:1)
10 creatures vanquished.

Notes
Turn   | Place    | Note
-------+----------+-------------------------------------------
     0 | D:1      | LLavrengius the Octopode Transmuter began the quest for the
                  | Orb.
     0 | D:1      | Reached XP level 1. HP: 13/13 MP: 3/3
   223 | D:1      | Reached skill level 1 in Stealth
   230 | D:1      | Reached XP level 2. HP: 4/18 MP: 5/5
   243 | D:1      | Learned a level 2 spell: Sticks to Snakes
   624 | D:1      | Slain by a leopard gecko

Vault maps used:
D:1:      noname_arrival_rooms_in_the_neighbourhood, palyth_stone_intersect,
          minmay_door_square

Skill      XL: |  1 |
---------------+----+-----
Stealth        | 1 |  1.3
Fighting       | |  1.3
Dodging        | |  2.0
Unarmed Combat | |  3.2
Spellcasting   | |  2.0
Transmutations | |  2.0

Action                   || total
-------------------------++-------
Melee: Unarmed           ||    31
       Constrict         ||     9
       Tentacles         ||     3
 Cast: Beastly Appendage ||     1
 Stab: Sleeping          ||     4
  Eat: Chunk             ||     5
Armor: Skin              ||     2
Dodge: Dodged            ||    25

Table legend:
 A = Non-vault XP
 B = Vault XP
 C = Vault XP percentage of total XP
 D = Non-vault monster count
 E = Vault monster count
 F = Vault count percentage of total count
                 A         B        C        D         E       F
            +---------+---------+-------+---------+---------+-------
      Total |      14 |       0 |   0.0 |      10 |       0 |   0.0
            +---------+---------+-------+---------+---------+-------
        D:1 |      14 |       0 |   0.0 |      10 |       0 |   0.0
            +---------+---------+-------+---------+---------+-------
